 Dungeon Crawl Stone Soup version 0.18-a0-1577-gf591c28 (webtiles) character file.

263 M4edhros the Vandal (level 6, 0/42 HPs)
             Began as an Octopode Wanderer on Mar 18, 2016.
             Succumbed to a scorpion's poison
             ... on level 4 of the Dungeon.
             The game lasted 00:05:15 (3628 turns).

M4edhros the Vandal (Octopode Wanderer)             Turns: 3628, Time: 00:05:15

Health: 0/42       AC:  1    Str: 18    XL:     6   Next: 19%
Magic:  6/6        EV: 19    Int: 14    God:
Gold:   121        SH:  0    Dex: 17    Spells: 0 memorised, 5 levels left

rFire  + . .     SeeInvis .     q - +2 short sword (elec)
rCold  x . .     Gourm    .     (no shield)
rNeg   . . .     Faith    .     (helmet restricted)
rPois  .         Spirit   .     (no amulet)
rElec  .         Dismiss  .     r - ring of fire
rCorr  .         Reflect  .     (no ring)
SustAt .         Harm     .     (no ring)
MR     .....                    (no ring)
Stlth  +++++.....               (no ring)
                                (no ring)
                                (no ring)
                                (no ring)

@: mighty, agile, lethally poisoned (0 -> -2), not resistant to hostile
enchantments, quite stealthy
A: almost no armour, amphibious, 8 rings, constrict 8, camouflage 1, gelatinous
body 1
a: no special abilities


You were on level 4 of the Dungeon.
You were very hungry.

You visited 1 branch of the dungeon, and saw 4 of its levels.

You collected 121 gold pieces.

Inventory:

Hand Weapons
 a - a +2 hand crossbow
 i - a +1 dagger of electrocution
 n - a +0 hunting sling
 q - a +2 short sword of electrocution (weapon)
Missiles
 b - 22 bolts
 e - 14 bolts of penetration
 m - 15 sling bullets
 p - 4 stones (quivered)
Jewellery
 r - a ring of fire (left tentacle)
Scrolls
 d - a scroll of magic mapping
 h - 2 scrolls of fear
 j - 4 scrolls of teleportation
 u - a scroll of amnesia
Comestibles
 f - 2 bread rations
 g - 3 meat rations
 o - 2 slices of pizza
 t - 3 fruits


   Skills:
 - Level 3.0 Fighting
 - Level 1.0 Short Blades
 * Level 4.2 Slings
 - Level 2.0 Crossbows
 + Level 4.0 Dodging
 - Level 4.0 Stealth


You had 5 spell levels left.
You didn't know any spells.

Dungeon Overview and Level Annotations

Branches:
Dungeon (4/15)
 Temple: D:4-7

Altars:
Makhleb


Innate Abilities, Weirdness & Mutations

You cannot wear most types of armour.
You are amphibious.
You can wear up to eight rings at the same time.
You can use your tentacles to constrict eight enemies at once.
Your skin changes colour to match your surroundings (Stealth).
Your rubbery body absorbs attacks (AC +1).


Message History

You feel agile all of a sudden.
* * * LOW HITPOINT WARNING * * *
You feel sick.
* * * LOW HITPOINT WARNING * * *
You feel sick.
You see here a scroll of identify.
c - a scroll of identify Read which item? (? for menu, Esc to quit)
Identify which item? (\ to view known items) (? for menu, Esc to quit)
As you read the scroll of identify, it crumbles to dust.
u - a scroll of amnesia
* * * LOW HITPOINT WARNING * * *
You feel sick.
Read which item? (? for menu, Esc to quit)
As you read the scroll labeled VINNANK PEOP, it crumbles to dust.
The air around you briefly surges with heat, but it dissipates.
It was a scroll of immolation.
There is a lethal amount of poison in your body!
There is a lethal amount of poison in your body!
You die...

#...###.########.#
##.............#.#
#..###.####.....#
#...............#
#..###.####.#...#
##...##.###......####.#
##.....#..........†....#
#.........##....########
##.....#...##@#.#
##......>......#
#..###...##...#
#..###...##...#
#.............#
##.###...##..## #.#
##.###(.# #.# #.# .....
#.# #.. .....


There were no monsters in sight!

Vanquished Creatures
  A scorpion (D:4)
  A hound (D:3)
  A centaur skeleton (D:4)
  4 adders
  2 oozes (D:2)
  2 adder skeletons (D:4)
  4 worms
  3 dart slugs
  2 giant geckos
  4 orcs
  9 bats
  3 giant cockroaches
  6 goblins
  11 hobgoblins
  7 jackals
  A quokka (D:2)
  2 ball pythons
  6 giant newts
  A jackal skeleton (D:4)
  12 kobolds
  7 rats
89 creatures vanquished.

Notes
Turn   | Place    | Note
--------------------------------------------------------------
     0 | D:1      | M4edhros the Octopode Wanderer began the quest for the Orb.
     0 | D:1      | M4edhros set off with: a +2 hand crossbow, 22 bolts, 2 potions of curing, a +0 dagger, a bread ration
     0 | D:1      | Reached XP level 1. HP: 16/16 MP: 1/1
    84 | D:1      | Reached XP level 2. HP: 14/21 MP: 2/2
   516 | D:1      | Reached XP level 3. HP: 11/26 MP: 3/3
  1175 | D:2      | Reached skill level 1 in Slings
  1184 | D:2      | HP: 1/26 [worm (6)]
  1460 | D:2      | Reached XP level 4. HP: 26/31 MP: 4/4
  2346 | D:3      | Reached XP level 5. HP: 27/36 MP: 5/5
  2368 | D:3      | Found a burning altar of Makhleb.
  3617 | D:4      | Reached XP level 6. HP: 4/42 MP: 6/6
  3620 | D:4      | HP: 2/42 [poisoned by a scorpion]
  3625 | D:4      | HP: 1/42 [poisoned by a scorpion]
  3628 | D:4      | Succumbed to a scorpion's poison

Vault maps used:
D:1:      dpeg_arrival_line_fractal
D:2:      first_bread
D:3:      corexii_leaking_fountain, makhleb_heckhound_becter
D:4:      grunt_temple_overflow_growth_and_decay, minmay_misc_feat_alley

Skill      XL: |  1  2  3  4  5 |
---------------+----------------+-----
Dodging        | 2 3 4 |  4.0
Slings         | 1 3 4 |  4.2
Fighting       | |  3.0
Short Blades   | |  1.0
Crossbows      | |  2.0
Stealth        | |  4.0

Action                   |  1- 3 |  4- 6 || total
-------------------------+-------+-------++-------
Melee: Dagger            |    22 |    41 ||    63
       Unarmed           |    32 |       ||    32
       Hunting sling     |     4 |    12 ||    16
       Short sword       |       |    11 ||    11
 Fire: Hunting sling     |    55 |    94 ||   149
  Use: Scroll            |     4 |     6 ||    10
       Potion            |     3 |     7 ||    10
 Stab: Sleeping          |     5 |     8 ||    13
       Distracted        |     1 |       ||     1
  Eat: Chunk             |     1 |     6 ||     7
